 Dungeon Crawl Stone Soup version 0.18-a0-1312-gf98331d (webtiles) character file.

22932 Lathuz the Severer (level 12, -1/115 HPs)
             Began as a Minotaur Berserker on Feb 14, 2016.
             Was a High Priest of Trog.
             Slain by a harpy (7 damage)
             ... summoned by Kirke
             ... on level 5 of the Lair of Beasts.
             The game lasted 00:26:50 (12165 turns).

Lathuz the Severer (Minotaur Berserker)            Turns: 12165, Time: 00:26:50

Health: -1/115     AC:  0    Str: 23    XL:     12   Next: 67%
Magic:  4/11       EV:  3    Int:  4    God:    Trog [*****.]
Gold:   818        SH:  0    Dex: 14    Spells: 0 memorised, 11 levels left

rFire  . . .     SeeInvis .     (weapon currently unavailable)
rCold  . . .     Gourm    .     (armour currently unavailable)
rNeg   + + +     Faith    .     (shield currently unavailable)
rPois  ∞         Spirit   .     (helmet currently unavailable)
rElec  .         Dismiss  +     (cloak currently unavailable)
rCorr  .         Reflect  .     (gloves currently unavailable)
SustAt .         Harm     .     (boots currently unavailable)
MR     ++...                    J - amulet of dismissal
Stlth  ++........               (ring currently unavailable)
                                (ring currently unavailable)

@: pig-form, petrified, regenerating, very quick, very resistant to hostile
enchantments, unstealthy
A: (retaliatory headbutt), (horns 0)
a: Berserk, Trog's Hand, Brothers in Arms, Burn Spellbooks, Renounce Religion


You were on level 5 of the Lair of Beasts.
You worshipped Trog.
Trog was extremely pleased with you.
You were not hungry.
You were a filthy swine.
You visited 2 branches of the dungeon, and saw 14 of its levels.

You collected 818 gold pieces.

Inventory:

Hand Weapons
 w - the +3 arbalest "Emoa" {flame, *Drain rElec rC+ MR+, unknown}
   (Trog gifted it to you on level 5 of the Lair of Beasts)

   It causes projectiles fired from it to burn those they strike, causing extra
   injury to most foes and up to half again as much damage against particularly
   susceptible opponents.
   It protects you from cold.
   It insulates you from electricity.
   It affects your resistance to hostile enchantments.
   It causes draining when unequipped.
 G - a +0 antimagic battleaxe (melded)
Missiles
 a - 6 tomahawks (quivered)
 p - 4 needles of paralysis
Armour
 q - a +1 cloak (melded)
 C - a +3 chain mail of magic resistance (melded)
 F - a +0 plate armour
 V - a +2 hat of see invisible (melded)
Jewellery
 s - a +3 ring of intelligence
 D - an uncursed amulet of regeneration
 E - a ring of poison resistance (melded)
 J - an amulet of dismissal (around neck)
 R - a ring of see invisible (melded)
Wands
 t - a wand of lightning (8/15)
Scrolls
 d - 2 scrolls of teleportation
 g - a scroll of blinking
 h - a scroll of fog {unknown}
 i - a scroll of summoning {unknown}
 j - 2 scrolls of immolation {unknown}
 u - 2 scrolls of enchant armour
 v - 2 scrolls of magic mapping {unknown}
 x - 2 scrolls of remove curse
 N - a scroll of enchant weapon {unknown}
 W - a scroll of amnesia {unknown}
 X - a scroll of silence {unknown}
 Y - a scroll of torment {unknown}
 Z - 2 scrolls of identify
Potions
 b - a potion of brilliance {unknown}
 e - 2 potions of flight {unknown}
 f - 2 potions of invisibility {unknown}
 k - 3 potions of heal wounds {unknown}
 l - a potion of resistance {unknown}
 m - a potion of mutation {unknown}
 n - 6 potions of might {unknown}
 z - 4 potions of curing {unknown}
 I - 2 potions of cancellation {unknown}
 L - a potion of degeneration {unknown}
 P - a potion of haste {unknown}
 S - 2 potions of berserk rage {unknown}
 U - 2 potions of beneficial mutation {unknown}
Comestibles
 c - 10 bread rations
 o - 3 meat rations
 r - 4 beef jerkies
 A - 7 fruits
 B - 3 chunks of flesh
 K - 2 royal jellies
 O - 4 slices of pizza


   Skills:
 + Level 13.0 Fighting
 * Level 17.1 Axes
 + Level 12.8 Armour
 - Level 2.1 Dodging


You had 11 spell levels left.
You didn't know any spells.

Dungeon Overview and Level Annotations

Branches:
Dungeon (9/15)             Temple (0/1) D:7            Lair (5/8) D:8
  Swamp: Lair:3-6    Shoals: Lair:3-6     Snake: Lair:3-6    Spider: Lair:3-6
    Orc: D:9-12

Altars:
Ashenzari
Cheibriados
Fedhas
Gozag
Nemelex Xobeh
Okawaru
Qazlal
Trog

Annotations:
Lair:5 Kirke


Innate Abilities, Weirdness & Mutations

((You reflexively headbutt those who attack you in melee.))
((You have a pair of horns on your head.))


Message History

The harpy stops moving altogether!
Your limbs are stiffening.
The harpy is engulfed in calcifying dust. x3
The harpy is engulfed in calcifying dust. x2
You have turned to stone.
The harpy is engulfed in calcifying dust. x3
Kirke stops moving altogether!
The lindwurm is engulfed in calcifying dust.
The catoblepas barely misses you. The catoblepas gores you!!
* * * LOW HITPOINT WARNING * * *
Your amulet of dismissal vibrates suddenly!
The catoblepas disappears!
The harpy is no longer petrified.
The harpy claws you!
* * * LOW HITPOINT WARNING * * *
The harpy claws you!
* * * LOW HITPOINT WARNING * * *
Kirke is no longer petrified.
The harpy barely misses you. The harpy claws you!
* * * LOW HITPOINT WARNING * * *
The harpy claws you!
You die...

....PP..###....##
.♣..PP..# #.....#
PP♣.P.... #....##
♣P....Y.###.####
........##..##
♣.♣...... #...#
..P.♣.P.. #..##
...♣...P. #..##
......... ##h.#
.........####H.#
..P..P.##÷##...#
P........@....##
#P.....k#.@...#
#.......§k.....#
..#.P...P#.P.###
...########### ..


You could see Kirke, a lindwurm (petrified) and a harpy.

Vanquished Creatures
  6 death yaks (Lair:4)
  An oklob plant (Lair:4)
  An elephant (D:8)
  2 black mambas
  5 spiny frogs
  5 komodo dragons
  2 fire drakes
  Prince Ribbit (D:5)
  A polar bear (Lair:4)
  A merfolk (D:9)
  8 blink frogs
  Sigmund (D:6)
  6 basilisks
  10 yaks
  3 hippogriffs
  The ghost of stickyfingers the Ruffian, an amateur MiTm of Makhleb (D:4)
  5 hogs (Lair:5)
  13 wolves
  5 porcupines
  Duvessa (D:7)
  4 water moccasins
  A black bear (D:7)
  An ice beast (D:8)
  2 orc warriors (D:7)
  6 sky beasts
  2 phantoms
  2 ogres
  A centaur (D:9)
  12 crocodiles
  5 big kobolds
  Blork the orc (D:4)
  10 giant frogs
  Dowan (D:7)
  A wyvern skeleton (D:9)
  3 scorpions
  6 wights
  4 crimson imps
  A centaur zombie (D:7)
  A giant frog zombie (D:5)
  A quasit (D:6)
  An orc priest (D:7)
  2 giant frog skeletons (D:9)
  2 hounds
  7 orc wizards
  6 iguanas
  8 worker ants
  2 killer bee zombies
  2 hound skeletons
  A worker ant zombie (D:9)
  12 adders
  7 gnolls
  44 river rats
  A shadow imp (D:9)
  An ooze (D:3)
  6 worms
  2 giant geckos
  18 orcs
  A giant cockroach (D:1)
  7 goblins
  10 hobgoblins
  12 jackals
  3 quokkas
  5 ball pythons
  6 bats
  A giant cockroach zombie (D:5)
  A giant gecko zombie (D:6)
  A giant newt (D:4)
  24 kobolds
  A quokka zombie (D:9)
  6 rats
  2 fungi
  3 plants
348 creatures vanquished.

Vanquished Creatures (collateral kills)
  Gastronok (Lair:3)
  4 yaks (Lair:3)
5 creatures vanquished.

Vanquished Creatures (others)
  2 fungi
  A plant (Lair:3)
3 creatures vanquished.

Grand Total: 356 creatures vanquished

Notes
Turn   | Place    | Note
--------------------------------------------------------------
     0 | D:1      | Lathuz the Minotaur Berserker began the quest for the Orb.
     0 | D:1      | Reached XP level 1. HP: 19/19 MP: 0/0
   198 | D:1      | Reached XP level 2. HP: 25/27 MP: 1/1
   296 | D:1      | Reached skill level 4 in Fighting
   320 | D:1      | Reached ** piety under Trog
   514 | D:2      | Reached XP level 3. HP: 33/33 MP: 2/2
   626 | D:2      | You fall through a shaft for 2 floors!
   626 | D:4      | Noticed Blork the orc
   789 | D:2      | Found a blossoming altar of Fedhas.
   832 | D:2      | Reached XP level 4. HP: 41/41 MP: 3/3
  1283 | D:2      | Reached skill level 5 in Axes
  1703 | D:3      | Reached *** piety under Trog
  1745 | D:3      | Reached XP level 5. HP: 35/47 MP: 4/4
  2349 | D:4      | Noticed stickyfingers's ghost (amateur MiTm)
  2358 | D:4      | Killed stickyfingers's ghost
  2358 | D:4      | Reached skill level 5 in Fighting
  2358 | D:4      | Reached skill level 6 in Axes
  2358 | D:4      | Reached XP level 6. HP: 49/56 MP: 5/5
  2982 | D:4      | Killed Blork the orc
  2982 | D:4      | Reached skill level 5 in Armour
  3408 | D:4      | Found a bloodstained altar of Trog.
  3532 | D:5      | Entered Level 5 of the Dungeon
  3532 | D:5      | Noticed Prince Ribbit
  3545 | D:5      | Killed Prince Ribbit
  3545 | D:5      | Reached skill level 7 in Axes
  3545 | D:5      | Reached XP level 7. HP: 53/63 MP: 6/6
  3797 | D:5      | Reached skill level 8 in Axes
  4144 | D:6      | Reached XP level 8. HP: 46/71 MP: 7/7
  4313 | D:6      | Reached skill level 9 in Axes
  4459 | D:6      | Found an iron altar of Okawaru.
  4461 | D:6      | Found an opulent altar of Gozag.
  4462 | D:6      | Found a snail-covered altar of Cheibriados.
  4462 | D:6      | Found a stormy altar of Qazlal.
  4462 | D:6      | Noticed Sigmund
  4471 | D:6      | Killed Sigmund
  4477 | D:6      | Found a shattered altar of Ashenzari.
  4506 | D:6      | Found a sparkling altar of Nemelex Xobeh.
  4747 | D:6      | Reached **** piety under Trog
  4785 | D:6      | Reached skill level 10 in Axes
  4897 | D:6      | Found a glowing drain.
  5092 | D:7      | Reached XP level 9. HP: 81/81 MP: 8/8
  5384 | D:7      | Reached skill level 11 in Axes
  5433 | D:7      | Identified the Almanac of the Marlin
  5476 | D:7      | Noticed Duvessa
  5476 | D:7      | Found a staircase to the Ecumenical Temple.
  5476 | D:7      | Noticed Dowan
  5487 | D:7      | Killed Duvessa
  5489 | D:7      | Killed Dowan
  5788 | D:7      | Reached ***** piety under Trog
  6155 | D:8      | Reached skill level 12 in Axes
  6291 | D:8      | Found a staircase to the Lair.
  6291 | D:8      | Noticed an elephant
  6312 | D:8      | Killed an elephant
  6312 | D:8      | Reached XP level 10. HP: 91/91 MP: 9/9
  7092 | D:9      | Reached skill level 13 in Axes
  7304 | D:9      | Reached skill level 10 in Fighting
  7552 | Lair:1   | Entered Level 1 of the Lair of Beasts
  7570 | Lair:1   | Reached skill level 10 in Armour
  7778 | Lair:1   | Noticed a spiny frog
  7783 | Lair:1   | Killed a spiny frog
  8245 | Lair:1   | Reached skill level 14 in Axes
  8250 | Lair:1   | Reached XP level 11. HP: 77/101 MP: 10/10
  8254 | Lair:1   | Received a gift from Trog
  9352 | Lair:2   | Reached skill level 15 in Axes
  9876 | Lair:3   | Noticed Gastronok
  9893 | Lair:3   | Killed Gastronok
 10672 | Lair:4   | Reached XP level 12. HP: 94/112 MP: 3/11
 10729 | Lair:4   | Reached skill level 16 in Axes
 10867 | Lair:4   | Reached ****** piety under Trog
 10953 | Lair:4   | Received a gift from Trog
 11099 | Lair:4   | Found a stormy altar of Qazlal.
 11593 | Lair:5   | Noticed a death yak
 11593 | Lair:5   | Noticed a death yak
 11593 | Lair:5   | Noticed a death yak
 11593 | Lair:5   | Noticed a death yak
 11593 | Lair:5   | Noticed a death yak
 11593 | Lair:5   | Noticed a death yak
 11605 | Lair:4   | Killed a death yak
 11606 | Lair:4   | Killed a death yak
 11610 | Lair:4   | Killed a death yak
 11610 | Lair:4   | Killed a death yak
 11759 | Lair:4   | Killed a death yak
 11761 | Lair:4   | Killed a death yak
 11761 | Lair:4   | Reached skill level 17 in Axes
 11988 | Lair:5   | Received a gift from Trog
 11993 | Lair:5   | Got an encrusted arbalest {god gift}
 12025 | Lair:5   | Noticed a catoblepas
 12137 | Lair:5   | Noticed Kirke
 12165 | Lair:5   | Slain by a harpy

Vault maps used:
D:1:      minmay_arrival_solitary_statue
D:2:      kennysheep_six_static_rooms, lemuel_round_altar
D:4:      minmay_misc_feat_tiny, bloody_trog, uniq_blork_the_orc
D:5:      first_bread, grunt_ministairs_6, uniq_prince_ribbit1
D:6:      grunt_temple_overflow_open, portal_sewer_entry_c, corner_web_ring,
          minmay_statues_item, uniq_sigmund
D:7:      black_bear_nest_2, minmay_temple_entry_mist,
          kennysheep_generic_room_12, uniq_duvessa
D:8:      david_lair_generic
D:9:      hangedman_fish_farm
Lair:1:   serial_bayou_shore_b
Lair:2:   bh_chokoban, grunt_megastairs_1
Lair:3:   uniq_gastronok
Lair:4:   basic_altar, lemuel_fruit_tree
Lair:5:   guppyfry_snake_entry_island, grunt_forest_stairs_basic, uniq_kirke

Action                   |  1- 3 |  4- 6 |  7- 9 | 10-12 || total
-------------------------+-------+-------+-------+-------++-------
Melee: Hand axe          |    63 |    89 |       |       ||   152
       War axe           |       |    13 |   155 |       ||   168
       Battleaxe         |       |       |   136 |   530 ||   666
Throw: Stone             |       |       |       |    10 ||    10
Invok: Berserk           |     1 |     3 |     5 |     2 ||    11
       Brothers in Arms  |       |       |       |     1 ||     1
       Burn Spellbooks   |       |       |       |     1 ||     1
       Trog's Hand       |       |       |       |     1 ||     1
  Use: Scroll            |       |       |     5 |     8 ||    13
  Eat: Chunk             |       |     7 |    14 |    19 ||    40
       Bread ration      |       |     1 |       |       ||     1
       Fruit             |       |       |       |     4 ||     4
